 Dungeon Crawl Stone Soup version 0.30-a0-279-g4b46babb21 (webtiles) character file.

Game seed: 10551382581110939641

1631 910rd the Jinx (level 8, 38/38 HPs)
             Began as a Felid Ice Elementalist on Oct 16, 2022.
             Was an Initiate of Gozag.
             Quit the game on level 9 of the Dungeon.
             The game lasted 00:42:24 (10853 turns).

910rd the Jinx (Felid Ice Elementalist)            Turns: 10853, Time: 00:42:25

Health: 38/38      AC:  6    Str:  4    XL:     8   Next: 65%
Magic:  16/16      EV: 17    Int: 21    God:    Gozag
Gold:   1148       SH:  0    Dex: 16    Spells: 10/17 levels left
                                        Lives:  0   Deaths: 2

rFire   . . .      SeeInvis +      - Unarmed
rCold   . . .      Faith    .    (shield unavailable)
rNeg    . . .      Spirit   .    (body armour unavailable)
rPois   .          Reflect  .    (helmet unavailable)
rElec   .          Harm     .    (cloak unavailable)
rCorr   .          Rampage  .    (gloves unavailable)
Will    +....                    (boots unavailable)
Stlth   ++........               v - amulet of magic regeneration
HPRegen 0.26/turn                f - +4 ring of protection
MPRegen 0.55/turn                u - ring of wizardry

@: quick
A: very small, claws 1, fangs 3, see invisible, speed 1, shaggy fur 2, stealthy
paws, no weapons or thrown items, no armour, multi-lived
a: Renounce Religion, Potion Petition, Call Merchant, Bribe Branch


You were on level 9 of the Dungeon.
You worshipped Gozag.
Gozag was most pleased with you.
You visited 2 branches of the dungeon, and saw 10 of its levels.
You also visited: Ossuary.

You collected 1235 gold pieces.
You paid 87 gold pieces to Gozag.

Inventory:

Jewellery
 f - a +4 ring of protection (left paw)
 g - a ring of willpower
 i - a ring of resist corrosion
 u - a ring of wizardry (right paw)
 v - an amulet of magic regeneration (around neck)
 z - a +6 ring of strength
Wands
 n - a wand of mindburst (14)
 r - a wand of paralysis (6)
 C - a wand of roots (22)
 E - a wand of light (17)
 F - a wand of digging (8)
Scrolls
 l - 2 scrolls of torment
 o - 4 scrolls of immolation
 p - 2 scrolls of poison
 t - 3 scrolls of noise
 y - 3 scrolls of amnesia
 A - 2 scrolls of magic mapping
 B - a scroll of blinking
Potions
 a - a potion of magic
 b - 3 potions of lignification
 c - 9 potions of curing
 d - 3 potions of degeneration {unknown}
 e - a potion of flight {unknown}
 h - a potion of ambrosia {unknown}
 j - a potion of resistance {unknown}
 k - 3 potions of mutation
 m - 4 potions of berserk rage
 q - 3 potions of heal wounds {unknown}
 s - a potion of attraction {unknown}
 w - 2 potions of invisibility {unknown}
 x - 2 potions of brilliance {unknown}
 D - 2 potions of haste {unknown}


   Skills:
 - Level 6.0 Fighting
 - Level 3.0 Dodging
 - Level 3.2 Stealth
 - Level 6.0 Unarmed Combat
 - Level 5.0 Spellcasting
 + Level 13.3 Hexes
 - Level 6.0 Ice Magic
 - Level 1.2 Evocations


You had 10 spell levels left.
You knew the following spells:

 Your Spells              Type           Power      Damage    Failure   Level
a - Freeze                Ice            100%       1d10      1%          1
b - Frozen Ramparts       Ice            60%        1d10      1%          3
c - Ozocubu's Armour      Ice            30%        N/A       1%          3

Your spell library contained the following spells:

 Spells                   Type           Power      Damage    Failure   Level
 Leda's Liquefaction      Hex/Erth       16%        N/A       2%          4
 Hailstorm                Conj/Ice       17%        3d6       4%          3
 Yara's Violent Unravell  Hex/Tmut       16%        3d8       8%          5
 Summon Ice Beast         Ice/Summ       17%        N/A       12%         4
 Call Canine Familiar     Summ           5%         N/A       13%         3
 Enfeeble                 Hex            28%        N/A       16%         7
 Blade Hands              Tmut           2%         N/A       71%         5
 Iron Shot                Conj/Erth      2%         9d2       99%         6
 Portal Projectile        Hex/Tloc       Unusable   N/A       N/A         3
 Animate Armour           Summ/Erth      Unusable   N/A       N/A         4

Dungeon Overview and Level Annotations

Branches:
Dungeon (9/15) Zot: 27000  Temple (1/1) D:5 Zot: 5806     Orc (0/2) D:9
Ossuary (visited)
   Lair: D:8-11

Altars:
Ashenzari
Cheibriados
Dithmenos
Fedhas
Gozag
Hepliaklqana
Kikubaaqudgha
Makhleb
Nemelex Xobeh
Okawaru
Qazlal
Sif Muna
Trog
Uskayaw
Vehumet
Xom
Yredelemnul
Zin
The Shining One

Shops:
D:1 (   D:5 [

Annotations:
D:8 exclusion: door


Innate Abilities, Weirdness & Mutations

You have sharp claws.
You have razor-sharp teeth.
You have supernaturally acute eyesight. (SInv)
You cover ground quickly. (Speed+)
You are covered in thick fur. (AC +2)
Your paws help you pounce on unaware monsters.
You are incapable of wielding weapons or throwing items.
You cannot wear armour.
You gain extra lives every three experience levels.


Message History

The fiery explosion engulfs you!!
Ouch! That really hurt!
You die...
The fiery explosion engulfs the ogre zombie!! x2
The ogre zombie explodes!
The fiery explosion engulfs the orc zombie!!
The orc zombie explodes!
The fiery explosion engulfs the orc zombie!! x2
The fiery explosion engulfs the goblin zombie!!
You destroy the goblin zombie!
The fiery explosion engulfs the orc zombie!!!
The orc zombie explodes!
The fiery explosion engulfs the orc skeleton!!
The fiery explosion engulfs the orc priest!
Flame seeps out of the orc priest.
The orc priest is almost dead.
The orc skeleton explodes!
The fiery explosion engulfs the orc priest!!!
The fiery explosion engulfs the ogre zombie!!
The ogre zombie is heavily damaged.
You feel a bit more experienced.
The orc priest explodes!
The orc zombie explodes! x2
The fiery explosion engulfs the goblin zombie!!!
The goblin zombie explodes!
The fiery explosion engulfs the orc zombie!!
You destroy the orc zombie!
The ogre zombie explodes!
The goblin skeleton explodes!
You are engulfed in blazing flames.
You hear two shouts!
The ogre zombie is engulfed in blazing flames.
You are now level 8!
You rejoin the land of the living...
Found 4 large rocks.
You now have 16/16 mp.
You are a level 8 Felid Ice Elementalist.
You are 65% of the way to level 9.
You'll get an extra life in 1.35 levels' worth of XP.
Play time: 00:42:21 (10853 turns).
Zot will find you in 27000 turns if you stay in this branch and explore no new floors.
Unknown command.
Are you sure you want to abandon this character and quit the game? (Confirm with "yes".)

.#....................
............#..##...##..
(.(.......#.#.###......#
..........#.#.# #..#..##
..........#...# ####....
..........#.... ......
............### ###....
..........### #....
##.##@### #.... #....#
#.... ###### #.... ####


There were no monsters in sight!

Vanquished Creatures
  A hornet (D:9)
  A yak (D:8)
  3 steam dragons
  A water moccasin (D:7)
  2 orc warriors (D:8)
  2 black bears
  A sky beast (D:7)
  3 ogres (D:4)
  2 centaurs
  2 phantoms (D:5)
  A kobold brigand (D:7)
  3 bullfrogs
  A necrophage (D:6)
  2 gnoll sergeants
  5 scorpions
  4 water moccasin zombies (Ossuary)
  11 wights
  5 killer bees (D:7)
  6 howler monkeys (D:8)
  A gnoll bouda (D:6)
  A hound (D:5)
  An orc priest (D:9)
  Ijyb (D:3)
  Crazy Yiuf (D:6)
  7 iguanas
  2 orc wizards
  2 ogre zombies (D:9)
  2 mummies (Ossuary)
  10 gnolls
  7 adders
  3 white imps
  An ufetubus (D:5)
  4 adder zombies (Ossuary)
  3 worms
  2 dart slugs
  13 orcs
  4 endoplasms
  3 giant cockroaches
  6 gnoll zombies (Ossuary)
  7 goblins
  11 hobgoblins
  17 kobolds
  4 quokkas
  12 ball pythons
  6 bats
  4 frilled lizards
  A goblin skeleton (D:9)
  2 goblin zombies (D:9)
  5 hobgoblin zombies
  5 kobold zombies (Ossuary)
  2 orc skeletons (D:9)
  9 orc zombies
  2 rats
217 creatures vanquished.

Vanquished Creatures (others)
  2 fungi (D:6)
  21 plants (D:3)
23 creatures vanquished.

Grand Total: 240 creatures vanquished

Notes
Turn   | Place    | Note
-------+----------+-------------------------------------------
     0 | D:1      | 910rd the Felid Ice Elementalist began the quest for the
                  | Orb.
     0 | D:1      | Reached XP level 1. HP: 7/7 MP: 4/4
   102 | D:1      | Reached skill level 1 in Fighting
   270 | D:1      | Reached XP level 2. HP: 7/13 MP: 1/6
   417 | D:1      | Found Tonegysa's Weapon Boutique.
  1089 | D:2      | Reached XP level 3. HP: 16/16 MP: 3/7
  1781 | D:3      | Found a faded altar of an unknown god.
  1839 | D:3      | Noticed Ijyb
  1873 | D:3      | Found a shadowy altar of Dithmenos.
  1894 | D:3      | Reached XP level 4. HP: 19/19 MP: 4/8
  2199 | D:3      | Learned a level 3 spell: Frozen Ramparts
  2232 | D:3      | Reached skill level 5 in Ice Magic
  2312 | D:3      | Found a sparkling altar of Nemelex Xobeh.
  2873 | D:4      | Found a blossoming altar of Fedhas.
  3059 | D:4      | Found an iron altar of Okawaru.
  3122 | D:4      | Found a sand-covered staircase.
  3126 | Ossuary  | Entered an ossuary
  3131 | Ossuary  | Learned a level 3 spell: Ozocubu's Armour
  3197 | Ossuary  | Reached XP level 5. HP: 3/22 MP: 6/9
  3718 | Ossuary  | Gained mutation: You are covered in thick fur. (AC +2)
                  | [Felid growth]
  3718 | Ossuary  | Reached XP level 6. HP: 24/26 MP: 7/10
  4088 | D:5      | Entered Level 5 of the Dungeon
  4088 | D:5      | Found a staircase to the Ecumenical Temple.
  4201 | D:3      | Killed Ijyb
  4458 | D:5      | Reached skill level 5 in Unarmed Combat
  4497 | Temple   | Entered the Ecumenical Temple
  4718 | Temple   | Became a worshipper of Gozag Ym Sagoz the Greedy
  4735 | D:5      | Reached XP level 7. HP: 16/30 MP: 7/11
  5136 | D:5      | Reached skill level 5 in Fighting
  5221 | D:5      | Reached XP level 8. HP: 29/37 MP: 12/14
  5487 | D:5      | Found Ceonk's Antique Armour Boutique.
  5541 | D:5      | Noticed a +0 falchion
  5541 | D:5      | Noticed a +0 spear
  5542 | D:5      | Noticed a +0 short sword
  5543 | D:5      | Noticed a +0 dagger
  5544 | D:5      | Noticed a +0 dagger
  5544 | D:5      | Noticed a +0 spear
  5545 | D:5      | Noticed a +0 short sword
  5545 | D:5      | Noticed a +0 falchion
  5547 | D:5      | Found a hide-covered altar of Uskayaw.
  6367 | D:4      | Reached skill level 5 in Spellcasting
  6495 | D:4      | Reached skill level 1 in Evocations
  7451 | D:6      | Found a stormy altar of Qazlal.
  7891 | D:6      | Found a basalt altar of Yredelemnul.
  7907 | D:6      | Found a runed translucent door.
  7908 | D:6      | Noticed Crazy Yiuf
  7915 | D:6      | Killed Crazy Yiuf
  7981 | D:6      | Reached skill level 1 in Hexes
  8183 | D:7      | Reached skill level 2 in Hexes
  8183 | D:7      | Reached XP level 9. HP: 41/41 MP: 12/17
  8184 | D:7      | Reached skill level 3 in Hexes
  8187 | D:7      | Reached skill level 4 in Hexes
  8197 | D:7      | Reached skill level 5 in Hexes
  8370 | D:7      | You fall into a shaft and drop 2 floors!
  8421 | D:8      | Reached skill level 6 in Hexes
  8505 | D:7      | Noticed a two-headed ogre
  8541 | D:7      | Reached skill level 7 in Hexes
  8655 | D:7      | Found a broken altar of Ashenzari.
  8786 | D:7      | Found a glowing silver altar of Zin.
  9059 | D:7      | Reached skill level 8 in Hexes
  9253 | D:7      | Reached skill level 9 in Hexes
  9341 | D:7      | Slain by a two-headed ogre
  9342 | D:7      | Reached XP level 8. HP: -5/38 MP: 15/16
  9681 | D:8      | Reached skill level 10 in Hexes
  9869 | D:8      | Reached skill level 11 in Hexes
  9869 | D:8      | Reached XP level 9. HP: 34/41 MP: 17/17
 10186 | D:8      | Reached skill level 12 in Hexes
 10726 | D:9      | Reached skill level 13 in Hexes
 10819 | D:9      | Noticed a two-headed ogre
 10840 | D:9      | Found a staircase to the Orcish Mines.
 10852 | D:9      | Killed by an exploding orc zombie... ignited by their inner
                  | flame
 10853 | D:9      | Reached XP level 8. HP: -9/38 MP: 16/16
 10853 | D:9      | Quit the game

Illustrated notes

Levels and vault maps discovered:
D:1:      dpeg_arrival_rhombus, layout_loops_corners, serial_shops,
          nicolae_shop_bloodbath_and_beyond
D:2:      layout_loops_ring
D:3:      layout_basic, mainiacjoe_overflow_cross_hatched,
          nicolae_dithmenos_the_darkroom, nicolae_ecumenical_oubliette,
          lexackson_kobold_supper, uniq_ijyb
D:4:      minmay_recursive_quarters, layout_layer_cave,
          okawaru_ov_weapons_minmay, mainiacjoe_overflow_paths, serial_rivers,
          chequers_serial_rivers_large_b, chequers_serial_rivers_small_3,
          chequers_serial_rivers_small_3, chequers_serial_rivers_large_a,
          chequers_serial_rivers_micro_e, chequers_serial_rivers_micro_c,
          nicolae_ossuary_entry_plus
D:5:      layout_loops_ring, nicolae_uskayaw_en_pointe,
          minmay_temple_entry_purple_smoke, serial_shops, shop,
          kennysheep_generic_room_15
D:6:      layout_loops_corners, mainiacjoe_overflow_catwalk,
          lemuel_coloured_pillars_altar, uniq_crazy_yiuf_cottage
D:7:      layout_basic, lemuel_tele_altar, nicolae_ashenzari_panopticon
D:8:      nzn_winding_woodlands_three_and_one
          [nzn_winding_woodlands_5x15_concentric,
          nzn_winding_woodlands_5x15_cabin, nzn_winding_woodlands_5x15_pool,
          nzn_winding_woodlands_center_lodge], layout_loops_ring
D:9:      layout_rooms, zombieorc2_lemuel, minmay_sticks_and_stones
Temple:   hc_temple_tempest_star

Skill      XL: |  1  2  3  4  5  6  7  8  9 |
---------------+----------------------------+-----
Fighting       | 1 2 5 6 |  6.0
Ice Magic      | 4 5 6 |  6.0
Unarmed Combat | 2 3 5 6 |  6.0
Spellcasting   | 3 5 |  5.0
Dodging        | 3 |  3.0
Stealth        | 3 |  3.2
Evocations     | 1 |  1.2
Hexes          | 11 13 | 13.3

Action                   |  1- 3 |  4- 6 |  7- 9 || total
-------------------------+-------+-------+-------++-------
Melee: Unarmed           |    26 |   275 |   259 ||   560
       Bite              |     5 |    35 |    36 ||    76
       Punch             |       |     5 |     9 ||    14
 Cast: Freeze            |    60 |    37 |    83 ||   180
       Frozen Ramparts   |       |     3 |    37 ||    40
       Ozocubu's Armour  |       |     7 |    17 ||    24
Evoke: Wand              |       |       |     4 ||     4
  Use: Scroll            |       |    12 |     6 ||    18
 Stab: Distracted        |     1 |     1 |     1 ||     3
       Sleeping          |     4 |     3 |     9 ||    16
       Invisible         |       |       |     1 ||     1
Armor: Skin              |     9 |    49 |    61 ||   119
Dodge: Dodged            |    45 |   159 |   277 ||   481

Table legend: (Time is in decaauts)
 A = Elapsed time spent in this place.
 B = Non-inter-level travel time spent in this place.
 C = Inter-level travel time spent in this place.
 D = Time resting spent in this place.
 E = Time spent auto-exploring this place.
 F = Levels seen in this place.
 G = Mean time per level.
                   A        B        C        D        E       F      G
               +--------+--------+--------+--------+--------+-----+--------+
         Total |   9446 |   8906 |    540 |   1003 |   5762 |  11 |  858.7 |
       Dungeon |   8440 |   7908 |    532 |    542 |   5555 |   9 |  937.8 |
        Temple |    193 |    185 |      8 |      0 |    171 |   1 |  193.0 |
       Ossuary |    812 |    812 |      0 |    461 |     35 |   1 |  812.0 |
               +--------+--------+--------+--------+--------+-----+--------+

Top non-repeatable levels by time:
     D:4: 1451 daAuts
     D:8: 1167 daAuts
     D:3: 1082 daAuts
     D:7: 1052 daAuts
     D:5: 1029 daAuts
     D:6: 966 daAuts
 Ossuary: 812 daAuts
     D:2: 783 daAuts
     D:1: 757 daAuts
  Temple: 193 daAuts
     D:9: 151 daAuts
